 Dungeon Crawl Stone Soup version 0.29-a0-378-gc08b2e8bf8 (webtiles) character file.

Game seed: 18017787199635717895

34 spaghetti the Shield-Bearer (level 3, 9/28 HPs)
             Began as a Gnoll Wanderer on May 4, 2022.
             Quit the game on level 2 of the Dungeon.
             The game lasted 00:04:22 (1663 turns).

spaghetti the Shield-Bearer (Gnoll Wanderer)        Turns: 1663, Time: 00:04:23

Health: 9/28       AC: 12    Str: 12    XL:     3   Next: 31%
Magic:  1/9        EV:  5    Int: 14    God:
Gold:   29         SH:  5    Dex:  9    Spells: 9/12 levels left

rFire   . . .      SeeInvis .   a - +0 club {mace}
rCold   . . .      Faith    .   b - +0 buckler
rNeg    . . .      Spirit   +   d - +0 chain mail
rPois   .          Reflect  .   (no helmet)
rElec   .          Harm     .   (no cloak)
rCorr   .          Rampage  .   h - +0 pair of gloves
Will    .....                   i - +0 pair of boots
Stlth   ..........              g - amulet of guardian spirit
HPRegen 0.09/turn               (no ring)
MPRegen 0.11/turn               (no ring)

@: very slightly contaminated
A: fangs 1, strong nose, distributed training
a: no special abilities


You were on level 2 of the Dungeon.
You visited 1 branch of the dungeon, and saw 2 of its levels.

You collected 29 gold pieces.


Innate Abilities, Weirdness & Mutations

You have very sharp teeth.
Your uncanny sense of smell can sniff out nearby items.
Your experience applies equally to all skills.


   Skills:
 + Level 2.6 Fighting
 + Level 0.7 Short Blades
 + Level 0.7 Long Blades
 + Level 0.7 Axes
 + Level 0.7 Maces & Flails
 + Level 0.7 Polearms
 + Level 0.7 Staves
 + Level 0.7 Slings
 + Level 0.7 Bows
 + Level 0.7 Crossbows
 + Level 0.7 Throwing
 + Level 4.5 Armour
 + Level 0.7 Dodging
 + Level 2.3 Stealth
 + Level 6.5 Shields
 + Level 0.7 Unarmed Combat
 + Level 5.0 Spellcasting
 + Level 0.5 Conjurations
 + Level 0.5 Hexes
 + Level 0.5 Summonings
 + Level 0.5 Necromancy
 + Level 0.5 Translocations
 + Level 2.1 Transmutations
 + Level 0.5 Fire Magic
 + Level 0.5 Ice Magic
 + Level 0.5 Air Magic
 + Level 0.5 Earth Magic
 + Level 0.5 Poison Magic
 + Level 0.9 Invocations
 + Level 0.7 Evocations


You had 9 spell levels left.
You knew the following spells:

 Your Spells              Type           Power      Damage    Failure   Level
a - Sting                 Tmut/Pois      28%        1d4       99%         1
b - Blink                 Tloc           8%         N/A       100%        2

Your spell library contained the following spells:

 Spells                   Type           Power      Damage    Failure   Level
 Spider Form              Tmut/Pois      7%         N/A       100%        3
 Manifold Assault         Tloc           4%         N/A       100%        5
 Storm Form               Tmut/Air       3%         N/A       100%        7

Inventory:

Hand Weapons
 a - a +0 club (weapon) {mace}
Missiles
 e - 40 stones {throwing}
 l - 5 poisoned darts {throwing}
Armour
 b - a +0 buckler (worn)
 d - a +0 chain mail (worn)
 h - a +0 pair of gloves (worn)
   (You found it on level 1 of the Dungeon)
 i - a +0 pair of boots (worn)
   (You found it on level 1 of the Dungeon)
Jewellery
 g - an amulet of guardian spirit (around neck)
   (You found it on level 1 of the Dungeon)
Wands
 k - a wand of flame (6)
   (You found it on level 2 of the Dungeon)
Scrolls
 f - a scroll of identify {unknown}

Dungeon Overview and Level Annotations

Branches:
Dungeon (2/15)

Altars:

###.#..#.##
....#..#..# .#
..........# .#
.......#..## .#
...........## .#
.......###..####
.# )......#
##....##.#
.......#
####.)#.###
..<†.<##
##†@w..#
........#
###g#>#
#.#####.... ...
#.# ###.. ...#
#.# # ..... #.#
...... ...
....... #.
∆....###


You could see a worm and a hobgoblin.


Message History

You hit the jackal but do no damage. Your bite misses the jackal.
The jackal bites you but does no damage. 😮 MP[+1]
Your mp is fully restored (9).
You closely miss the jackal.
The jackal bites you but does no damage.
You hit the jackal.
You kill the jackal!
You closely miss the giant cockroach. You block the giant cockroach's attack.
You hit the giant cockroach. The giant cockroach barely misses you.
You hit the giant cockroach.
You kill the giant cockroach!
The hobgoblin closely misses you. The worm bites you but does no damage.
Things that are here:
a +0 club {mace}; a jackal corpse; a goblin corpse You hit the worm but do no damage.
The hobgoblin hits you but does no damage.
You hit the worm.
Your extra speed is starting to run out.
The worm bites you.
* * * LOW HITPOINT WARNING * * *
You block the hobgoblin's attack. 😨 HP[-2] MP[-2]
You take 2 damage, and now have 14/28 hp.
You lost 2 mp, and now have 7/9 mp.
You hit the worm. The hobgoblin hits you.
* * * LOW HITPOINT WARNING * * *
😨 HP[-1]
You take 1 damage, and now have 13/28 hp.
You hit the worm but do no damage. You block the worm's attack.
You hit the worm but do no damage.
The hobgoblin hits you but does no damage.
The worm bites you but does no damage.
You hit the worm but do no damage.
The hobgoblin hits you but does no damage.
You hit the worm. You block the hobgoblin's attack.
The worm completely misses you.
You barely miss the worm.
You feel yourself slow down.
The hobgoblin hits you but does no damage. 🤖 Initializing magus.rc ...
Options error: Delay interrupt name "hungry" not recognised. (~/.crawlrc:4761) Options error: Bad monster_list_colour key: strict_neutral (~/.crawlrc:4776) Bad channel name for runrest: 'pray:' ✅ Successfully initialized magus.rc [v1.9.6] Welcome back, spaghetti the Gnoll Wanderer.
Press ? for a list of commands and other information.
Cast which spell? (? or * to list)
Aiming: Sting (safe; 99% risk of failure)
Press: ? - help, Shift-Dir - straight line, f - worm
Aim: a worm (lightly wounded, 89% to hit)
You miscast Sting.
You are very lightly contaminated with residual magic.
Nothing appears to happen.
The hobgoblin hits you.
* * * LOW HITPOINT WARNING * * *
The worm bites you.
* * * LOW HITPOINT WARNING * * *
😨 HP[-4] MP[-3]
You take 4 damage, and now have 9/28 hp.
You lost 3 mp, and now have 4/9 mp.
Casting: Sting (safe; 99% risk of failure)
Confirm with . or Enter, or press ? or * to list all spells.
Aiming: Sting (safe; 99% risk of failure)
Press: ? - help, Shift-Dir - straight line, f/p - worm
Aim: a worm (lightly wounded, 89% to hit)
You miscast Sting.
Nothing appears to happen.
You block the hobgoblin's attack. 😨 MP[-1]
You lost 1 mp, and now have 3/9 mp.
Casting: Sting (safe; 99% risk of failure)
Confirm with . or Enter, or press ? or * to list all spells.
Aiming: Sting (safe; 99% risk of failure)
Press: ? - help, Shift-Dir - straight line, f/p - worm
Aim: a worm (lightly wounded, 89% to hit)
You miscast Sting.
Nothing appears to happen.
The hobgoblin hits you but does no damage.
You block the worm's attack. 😨 MP[-1]
You lost 1 mp, and now have 2/9 mp.
Casting: Sting (safe; 99% risk of failure)
Confirm with . or Enter, or press ? or * to list all spells.
Aiming: Sting (safe; 99% risk of failure)
Press: ? - help, Shift-Dir - straight line, f/p - worm
Aim: a worm (89% to hit)
You miscast Sting.
Nothing appears to happen.
The hobgoblin closely misses you.
Casting: Sting (safe; 99% risk of failure)
Confirm with . or Enter, or press ? or * to list all spells.
Aiming: Sting (safe; 99% risk of failure)
Press: ? - help, Shift-Dir - straight line, f/p - worm
Aim: a worm (89% to hit)
You miscast Sting.
Nothing appears to happen.
The worm bites you but does no damage.
You block the hobgoblin's attack. 😨 MP[-1]
You lost 1 mp, and now have 1/9 mp.
Are you sure you want to abandon this character and quit the game? (Confirm with "yes".)
Okay, then.
Are you sure you want to abandon this character and quit the game? (Confirm with "yes".)

Skill      XL: |  1  2  3 |
---------------+----------+-----
Transmutations | 2 |  2.1
Spellcasting   | 5 |  5.0
Fighting       | |  2.6
Short Blades   | |  0.7
Long Blades    | |  0.7
Axes           | |  0.7
Maces & Flails | |  0.7
Polearms       | |  0.7
Staves         | |  0.7
Slings         | |  0.7
Bows           | |  0.7
Crossbows      | |  0.7
Throwing       | |  0.7
Armour         | |  4.5
Dodging        | |  0.7
Stealth        | |  2.3
Shields        | |  6.5
Unarmed Combat | |  0.7
Conjurations   | |  0.5
Hexes          | |  0.5
Summonings     | |  0.5
Necromancy     | |  0.5
Translocations | |  0.5
Fire Magic     | |  0.5
Ice Magic      | |  0.5
Air Magic      | |  0.5
Earth Magic    | |  0.5
Poison Magic   | |  0.5
Invocations    | |  0.9
Evocations     | |  0.7

Action                   || total
-------------------------++-------
Melee: Club              ||   187
       Bite              ||    12
  Use: Potion            ||     5
Armor: Chain mail        ||   201
Dodge: Dodged            ||    59
Block: Buckler           ||    78

Levels and vault maps discovered:
D:1:      ldierk_water_garden, layout_loops_cross, minmay_misc_feat_tower,
          minmay_crystal_room, minmay_cupped
D:2:      layout_rooms, hellmonk_ecumenical_altar_arch_garden, minmay_tromino_i2

Notes
Turn   | Place    | Note
-------+----------+-------------------------------------------
     0 | D:1      | spaghetti the Gnoll Wanderer began the quest for the Orb.
     0 | D:1      | spaghetti set off with the following items: a +0 club
                  | {mace}, a +0 buckler, a potion of curing {@q1}, a +0 chain
                  | mail; and the following spell memorised: Sting; and the
                  | following spells available to memorise: Spider Form
     0 | D:1      | Reached XP level 1. HP: 17/17 MP: 6/6
     0 | D:1      | magus.rc [v1.9.6]
    29 | D:1      | Reached skill level 2 in Transmutations
    86 | D:1      | You add the spells Blink, Manifold Assault and Storm Form
                  | to your library.
   118 | D:1      | Reached XP level 2. HP: 23/23 MP: 0/7
   698 | D:1      | Learned a level 2 spell: Blink
  1589 | D:2      | Reached XP level 3. HP: 28/28 MP: 9/9
  1602 | D:2      | Reached skill level 5 in Spellcasting
  1658 | D:2      | magus.rc [v1.9.6]
  1663 | D:2      | Quit the game

Vanquished Creatures
  A worm (D:2)
  A ball python (D:1)
  2 endoplasms (D:1)
  3 giant cockroaches
  3 goblins
  2 hobgoblins (D:1)
  5 jackals (D:2)
  4 kobolds (D:1)
  A quokka (D:1)
  A bat (D:2)
  A frilled lizard (D:1)
  2 rats (D:1)
26 creatures vanquished.

Vanquished Creatures (others)
  4 toadstools (D:1)
4 creatures vanquished.

Grand Total: 30 creatures vanquished

Table legend:
 A = Non-vault XP
 B = Vault XP
 C = Vault XP percentage of total XP
 D = Non-vault monster count
 E = Vault monster count
 F = Vault count percentage of total count
                 A         B        C        D         E       F
            +---------+---------+-------+---------+---------+-------
      Total |      39 |      10 |  20.4 |      20 |       6 |  23.1
            +---------+---------+-------+---------+---------+-------
        D:1 |      17 |      10 |  37.0 |      10 |       6 |  37.5
        D:2 |      22 |       0 |   0.0 |      10 |       0 |   0.0
            +---------+---------+-------+---------+---------+-------

Illustrated notes

Table legend:
 A = Kills in this place as a percentage of kills in entire the game.
 B = Kills by you in this place as a percentage of kills by you in the entire game.
 C = Kills by friends in this place as a percentage of kills by friends in the entire game.
 D = Other kills in this place as a percentage of other kills in the entire game.
 E = Experience gained in this place as a percentage of experience gained in the entire game.
 F = Experience gained in this place divided by the number of levels of this place that you have seen.
                   A       B       C       D       E      F
               +-------+-------+-------+-------+-------+----------------------
         Total | 100.0 | 100.0 |   N/A |   N/A | 100.0 |  24.5
       Dungeon | 100.0 | 100.0 |   N/A |   N/A | 100.0 |  24.5
               +-------+-------+-------+-------+-------+----------------------

Table legend: (Time is in decaauts)
 A = Elapsed time spent in this place.
 B = Non-inter-level travel time spent in this place.
 C = Inter-level travel time spent in this place.
 D = Time resting spent in this place.
 E = Time spent auto-exploring this place.
 F = Levels seen in this place.
 G = Mean time per level.
                   A        B        C        D        E       F      G
               +--------+--------+--------+--------+--------+-----+--------+
         Total |   1711 |   1696 |     15 |    380 |    932 |   2 |  855.5 |
       Dungeon |   1711 |   1696 |     15 |    380 |    932 |   2 |  855.5 |
               +--------+--------+--------+--------+--------+-----+--------+

Top non-repeatable levels by time:
     D:1: 1401 daAuts
     D:2: 309 daAuts
